 Dungeon Crawl Stone Soup version 0.26.1-2-gb8aa6d0cf2 (webtiles) character file.

Game seed: 10724559976990427514

1495 DasRunzen the Conjurer (level 8, -3/99 HPs)
             Began as a Demigod Conjurer on Feb 8, 2021.
             Slain by Duvessa
             ... wielding a +0 rapier
              (5 damage)
             ... on level 6 of the Dungeon.
             The game lasted 00:15:22 (5821 turns).

DasRunzen the Conjurer (Demigod Conjurer)           Turns: 5821, Time: 00:15:22

Health: -3/99      AC: 28    Str: 14    XL:     8   Next: 27%
Magic:  4/17       EV:  2    Int: 22    God:
Gold:   301        SH:  0    Dex: 14    Spells: 12/15 levels left

rFire    . . .     SeeInvis .   d - +1 flail (vorpal)
rCold    . . .     Faith    .   (no shield)
rNeg     + + +     Spirit   .   (armour currently unavailable)
rPois    +         Reflect  .   (helmet currently unavailable)
rElec    .         Harm     .   (cloak currently unavailable)
rCorr    .         Rampage  .   (gloves currently unavailable)
Will     .....     NoTele   +   (boots currently unavailable)
Stlth    ++........             f - amulet of regeneration
HPRegen  0.66/turn              j - +4 ring of protection
MPRegen  0.15/turn              (no ring)

@: tree-form
A: high mp 1
a: no special abilities


You were on level 6 of the Dungeon.
You were a tree.
You visited 1 branch of the dungeon, and saw 6 of its levels.

You collected 301 gold pieces.

Inventory:

Hand Weapons
 d - a +1 vorpal flail (weapon)
Armour
 a - a +1 robe (melded)
 q - a +1 pair of boots (melded)
 u - a +0 cloak (melded)
Jewellery
 e - an uncursed amulet of magic regeneration {unknown}
 f - an amulet of regeneration (around neck)
 g - a +6 ring of dexterity
 j - a +4 ring of protection (left branch)
 o - a cursed amulet of inaccuracy {unknown}
Wands
 v - a wand of digging (4)
Scrolls
 i - a scroll of identify
 k - a scroll of amnesia
 l - a scroll of magic mapping
 p - 7 scrolls of remove curse
 t - a scroll of teleportation
Potions
 b - 2 potions of flight
 h - 3 potions of brilliance
 m - a potion of haste
 n - 5 potions of curing
 r - a potion of resistance
 s - a potion of cancellation {unknown}


   Skills:
 + Level 4.1 Fighting
 + Level 4.1 Armour
 + Level 4.6 Dodging
 - Level 1.7 Stealth
 + Level 4.3 Spellcasting
 + Level 5.6 Conjurations


You had 12 spell levels left.
You knew the following spells:

 Your Spells              Type           Power        Failure   Level
a - Magic Dart            Conj           100%         1%          1
b - Searing Ray           Conj           58%          1%          2

Your spell library contained the following spells:

 Spells                   Type           Power        Failure   Level
 Dazzling Flash           Conj/Hex       34%          10%         3
 Corona                   Hex            4%           11%         1
 Slow                     Hex            4%           17%         2
 Inner Flame              Hex/Fire       4%           32%         3
 Portal Projectile        Hex/Tloc       8%           32%         3
 Fulminant Prism          Conj/Hex       8%           32%         4
 Iskenderun's Mystic Bla  Conj/Tloc      17%          32%         4
 Cause Fear               Hex            2%           73%         4
 Leda's Liquefaction      Hex/Erth       2%           73%         4


Dungeon Overview and Level Annotations

Branches:
Dungeon (6/15)             Temple (0/1) D:4

Shops:
D:4 (

Portals:
Abyss: D:6

Annotations:
D:5 3 runed translucent doors, faxtax's ghost, novice DgSu
D:6 Duvessa; kutty's ghost, novice OgTm


Innate Abilities, Weirdness & Mutations

You have an increased reservoir of magic. (+10% MP)


Message History

Duvessa is severely wounded.
You finish channeling your searing ray.
Duvessa completely misses you. Duvessa hits you with a +0 rapier.
You barely miss Duvessa.
Duvessa is severely wounded.
Duvessa closely misses you. Duvessa hits you with a +0 rapier.
You barely miss Duvessa.
Duvessa is severely wounded.
Duvessa hits you with a +0 rapier!! Duvessa hits you with a +0 rapier!
* * * LOW HITPOINT WARNING * * *
Duvessa barely misses you. Duvessa hits you with a +0 rapier!
* * * LOW HITPOINT WARNING * * *
It was a potion of lignification.
You turn into a tree.
Your +0 cloak melds into your body.
Your +1 pair of boots melds into your body.
Your +1 robe melds into your body.
Your roots penetrate the ground.
Duvessa hits you with a +0 rapier.
You die...

.............###...#
....####.....>...#.########
....###..._..#####.)......#####
.....##.._8_.# ##.#####......
#....##..._..#### #.# #....
#....##.........# #)# #.$.
#...............# #.## ###.###
#...[###........###..# #.....#
#....#####..##..♣#...###.....#...
.....#......#....e...)...._.)§...
.......####............#.....####
.#.#...................#.....#
.#...#####.#...........###.###
.....## ##...............(.#
##....###........#.........#
..............########.....#
....#.##.##.### ##.####


You could see Duvessa (berserk).

Vanquished Creatures
  Grinder (D:6)
  An ice beast (D:6)
  2 black bears (D:6)
  A centaur (D:6)
  A bullfrog (D:4)
  3 scorpions
  Dowan (D:6)
  A centaur skeleton (D:6)
  An orc priest (D:4)
  Crazy Yiuf (D:5)
  A bullfrog skeleton (D:5)
  Terence (D:2)
  An iguana (D:4)
  3 orc wizards
  7 worker ants
  2 hound skeletons
  A worker ant zombie (D:5)
  8 adders
  A shadow imp (D:5)
  An ufetubus (D:6)
  4 oozes
  A worm (D:5)
  4 dart slugs
  9 leopard geckos
  15 orcs
  8 bats
  5 giant cockroaches
  11 goblins
  7 hobgoblins
  11 jackals
  6 kobolds
  A quokka (D:3)
  2 frilled lizards (D:3)
  2 quokka skeletons (D:6)
  5 rats
130 creatures vanquished.

Notes
Turn   | Place    | Note
-------+----------+-------------------------------------------
     0 | D:1      | DasRunzen the Demigod Conjurer began the quest for the Orb.
     0 | D:1      | Reached XP level 1. HP: 14/14 MP: 5/5
   320 | D:1      | Reached XP level 2. HP: 22/22 MP: 2/7
   323 | D:1      | Learned a level 2 spell: Searing Ray
   919 | D:1      | Found a glowing golden altar of the Shining One.
  1173 | D:2      | Reached skill level 1 in Armour
  1174 | D:2      | Reached XP level 3. HP: 27/27 MP: 1/8
  1252 | D:2      | Noticed Terence
  1279 | D:2      | Reached skill level 1 in Fighting
  1470 | D:2      | You fall into a shaft and drop 1 floor!
  1481 | D:3      | Reached skill level 4 in Conjurations
  1580 | D:2      | Killed Terence
  1581 | D:2      | Reached XP level 4. HP: 35/35 MP: 0/10
  2472 | D:3      | Reached XP level 5. HP: 41/41 MP: 11/11
  2575 | D:3      | Found a broken altar of Ashenzari.
  3240 | D:4      | Found a glowing golden altar of the Shining One.
  3280 | D:4      | Found a staircase to the Ecumenical Temple.
  3309 | D:4      | Reached XP level 6. HP: 44/48 MP: 7/13
  3563 | D:4      | Found Wotarch's Antique Weapon Shoppe.
  4220 | D:4      | Found a sacrificial altar of Ru.
  4296 | D:5      | Entered Level 5 of the Dungeon
  4346 | D:5      | Found an ornate altar of the Wu Jian Council.
  4389 | D:5      | Found a runed translucent gate.
  4389 | D:5      | Found a runed translucent gate.
  4390 | D:5      | Found a runed translucent gate.
  4393 | D:5      | Noticed faxtax's ghost (novice DgSu)
  4691 | D:5      | Found a runed translucent door.
  4692 | D:5      | Noticed Crazy Yiuf
  4765 | D:5      | Reached XP level 7. HP: 55/56 MP: 15/15
  5096 | D:5      | Found a hazy altar of Hepliaklqana.
  5138 | D:5      | Found a roughly hewn altar of Beogh.
  5206 | D:5      | Killed Crazy Yiuf
  5207 | D:5      | Reached skill level 5 in Conjurations
  5309 | D:6      | Found an ancient bone altar of Kikubaaqudgha.
  5310 | D:6      | Found an opulent altar of Gozag.
  5310 | D:6      | Found a sparkling altar of Nemelex Xobeh.
  5312 | D:6      | Found a shadowy altar of Dithmenos.
  5341 | D:6      | Found a bloodstained altar of Trog.
  5495 | D:6      | Identified the +6 mace of Satyriasis {distort, rPois}
  5496 | D:6      | Found a one-way gate to the infinite horrors of the Abyss.
  5496 | D:6      | Noticed kutty's ghost (novice OgTm)
  5497 | D:6      | Noticed a rust devil
  5566 | D:6      | Reached XP level 8. HP: 66/66 MP: 9/17
  5658 | D:6      | Noticed Grinder
  5665 | D:6      | Paralysed by Grinder for 2 turns
  5667 | D:6      | Killed Grinder
  5763 | D:6      | Found a burning altar of Makhleb.
  5778 | D:6      | Noticed Dowan
  5782 | D:6      | Noticed Duvessa
  5791 | D:6      | Killed Dowan
  5820 | D:6      | HP: 1/66 [Duvessa/+0 rapier (17)]
  5821 | D:6      | Slain by Duvessa

Illustrated notes

Levels and vault maps discovered:
D:1:      lightli_arrival_statue_moat, layout_basic, tso_altar
D:2:      layout_basic, minmay_circle_x, uniq_terence
D:3:      layout_loops_cross, cheibrodos_ashenzari_chains
D:4:      minmay_wonky_spiral, layout_gridville, marbit_many_paths,
          kennysheep_little_box, minmay_temple_entry_tees, serial_shops,
          nicolae_shop_statue_plus, serial_rivers,
          chequers_serial_rivers_micro_b, chequers_serial_rivers_micro_a,
          chequers_serial_rivers_small_b, chequers_serial_rivers_large_a,
          chequers_serial_rivers_marsh, chequers_serial_rivers_small_3
D:5:      layout_basic, nzn_hepliaklqana_mist_gate, basic_altar,
          biasface_ghost_orc_armoury, minmay_misc_feat_four_crosses,
          uniq_crazy_yiuf_cottage
D:6:      layout_rooms, trog_ov_bears_minmay, nicolae_overflow_crystal_walls,
          chequers_temple_overflow_statue_of_worship,
          gammafunk_ghost_abyssal_escape, uniq_grinder, uniq_duvessa

Skill      XL: |  1  2  3  4  5  6  7  8 |
---------------+-------------------------+-----
Dodging        | 2 3 4 |  4.6
Spellcasting   | 2 3 4 |  4.3
Armour         | 1 2 3 4 |  4.1
Fighting       | 1 2 3 4 |  4.1
Conjurations   | 4 5 |  5.6
Stealth        | |  1.7

Action                   |  1- 3 |  4- 6 |  7- 9 || total
-------------------------+-------+-------+-------++-------
Melee: Whip              |    51 |   158 |       ||   209
       Flail             |       |    76 |    62 ||   138
 Cast: Magic Dart        |    32 |    18 |       ||    50
       Searing Ray       |     7 |    16 |    13 ||    36
  Use: Scroll            |     3 |    14 |     2 ||    19
       Potion            |       |       |     1 ||     1
 Stab: Sleeping          |     1 |       |     1 ||     2
Armor: Robe              |    11 |   121 |    36 ||   168
Dodge: Dodged            |    52 |   215 |    65 ||   332
